 Dungeon Crawl Stone Soup version 0.23.2-1-ga50397a6bc (webtiles) character file.

Game seed: 8786815940319263273

236 FluffierThanThou the Chopper (level 5, -2/47 HPs)
             Began as a Minotaur Fighter on May 17, 2019.
             Slain by Grinder (5 damage)
             ... in a sewer.
             The game lasted 00:07:31 (2194 turns).

FluffierThanThou the Chopper (Minotaur Fighter)     Turns: 2194, Time: 00:07:32

Health: -2/47      AC:  8    Str: 26    XL:     5   Next: 77%
Magic:  4/4        EV:  8    Int:  5    God:
Gold:   106        SH: 10    Dex: 10    Spells: 4/4 levels left

rFire    . . .     SeeInvis .   a - +0 war axe
rCold    . . .     Gourm    .   c - +0 shield
rNeg     . . .     Faith    .   b - +0 scale mail
rPois    .         Spirit   .   (helmet restricted)
rElec    .         Reflect  .   m - +0 cloak
rCorr    .         Harm     .   (no gloves)
MR       .....                  (no boots)
Stlth    ..........             (no amulet)
HPRegen  0.15/turn              (no ring)
MPRegen  0.09/turn              (no ring)

@: mighty, flying, drained
A: retaliatory headbutt, horns 2
a: no special abilities


You were in a sewer.
You were not hungry.

You visited 1 branch of the dungeon, and saw 3 of its levels.
You also visited: Sewer.

You collected 106 gold pieces.

Inventory:

Hand Weapons
 a - a +0 war axe (weapon)
Armour
 b - a +0 scale mail (worn)
 c - a +0 shield (worn)
 m - a +0 cloak (worn)
Jewellery
 l - an uncursed ring of poison resistance {unknown}
Scrolls
 g - 2 scrolls of remove curse {unknown}
 h - a scroll of teleportation {unknown}
 k - a scroll of identify {unknown}
Potions
 e - a potion of might
 j - a potion of heal wounds {unknown}
 n - a potion of ambrosia {unknown}
Comestibles
 f - 7 rations


   Skills:
 + Level 4.4(3.7) Fighting
 + Level 5.1(4.5) Axes
 + Level 4.9(4.3) Armour
 + Level 1.0(0.4) Dodging
 + Level 4.5(3.9) Shields


You had 4 spell levels left.
You didn't know any spells.
Your spell library was empty.

Dungeon Overview and Level Annotations

Branches:
Dungeon (3/15)

Altars:
Vehumet

Annotations:
Sewer Grinder


Innate Abilities, Weirdness & Mutations

You reflexively headbutt those who attack you in melee.
You have a pair of horns on your head.


Message History

Grinder blinks!
You see here a poisoned needle.
There is an open gate here.
Things that are here:
a poisoned needle; a ball python corpse You see here a poisoned needle.
You block Grinder's attack.
You slash Grinder!
Grinder is lightly wounded.
Grinder closely misses you. You block Grinder's attack.
You slash Grinder! You headbutt Grinder!
Grinder is severely wounded.
You block Grinder's attack. Grinder hits you.
* * * LOW HITPOINT WARNING * * *
You writhe in agony.
* * * LOW HITPOINT WARNING * * *
You hit Grinder.
Grinder is almost dead.
You block Grinder's attack. Grinder hits you.
You die...

#≈...≈##≈≈.(.≈≈≈≈≈≈
#≈...≈##≈.)#.≈≈≈≈≈≈
#≈...≈##≈..#.≈≈≈≈≈≈
#≈...≈##≈≈.#..≈≈≈≈≈
##'''###≈≈.#..≈≈≈≈≈
#########.....##≈≈)#...≈≈≈≈
##≈≈≈≈≈≈#...⌠.(###(####.#≈##
#!....).'.⌠..))(#(..#≈≈.....
($......((.@5)).)...≈≈≈≈....
#?......'.⌠...)(#...#≈≈.....
##≈≈≈≈≈≈#...⌠..###.####.###≈
#########.....##≈..#...≈≈≈≈
##+++###≈≈.#...≈≈≈≈
≈≈.#..≈≈≈≈≈ ..#.≈≈≈≈≈≈
#.≈≈≈≈≈≈ +.≈≈≈≈≈≈


You could see Grinder.

Vanquished Creatures
  2 wights (Sewer)
  2 big kobold zombies (Sewer)
  An adder (D:2)
  A shadow imp (Sewer)
  4 ufetubi (Sewer)
  2 oozes (Sewer)
  2 worms (D:3)
  A dart slug (D:1)
  A leopard gecko (D:1)
  A bat (Sewer)
  10 giant cockroaches
  6 goblins
  A hobgoblin (D:2)
  20 kobolds
  2 quokkas (D:2)
  4 ball pythons
  4 frilled lizards
  7 rats
71 creatures vanquished.

Vanquished Creatures (others)
  An adder (D:3)
1 creature vanquished.

Grand Total: 72 creatures vanquished

Notes
Turn   | Place    | Note
-------+----------+-------------------------------------------
     0 | D:1      | FluffierThanThou the Minotaur Fighter began the quest for
                  | the Orb.
     0 | D:1      | Reached XP level 1. HP: 19/19 MP: 0/0
   269 | D:1      | Reached XP level 2. HP: 23/27 MP: 1/1
   578 | D:1      | You fall through a shaft!
   732 | D:2      | Reached skill level 3 in Axes
   732 | D:2      | Reached XP level 3. HP: 33/33 MP: 2/2
  1427 | D:3      | Found a radiant altar of Vehumet.
  1466 | D:3      | Found a glowing drain.
  1479 | Sewer    | Entered a sewer
  1501 | Sewer    | Reached XP level 4. HP: 40/40 MP: 3/3
  1567 | Sewer    | Reached skill level 4 in Axes
  1757 | Sewer    | Found an ancient bone altar of Kikubaaqudgha.
  1769 | Sewer    | Reached XP level 5. HP: 7/46 MP: 4/4
  2065 | Sewer    | Reached skill level 5 in Axes
  2065 | Sewer    | Reached skill level 1 in Dodging
  2175 | Sewer    | Noticed Grinder
  2180 | Sewer    | Paralysed by Grinder for 3 turns
  2194 | Sewer    | Slain by Grinder

Skill      XL: |  1  2  3  4  5 |
---------------+----------------+-----
Armour         | 4 |  4.9
Fighting       | 4 |  4.4
Shields        | 4 |  4.5
Axes           | 3 4 5 |  5.1
Dodging        | 1 |  1.0

Action                   |  1- 3 |  4- 6 || total
-------------------------+-------+-------++-------
Melee: War axe           |    96 |    46 ||   142
       Headbutt          |    13 |     9 ||    22
  Use: Potion            |       |     6 ||     6
  Eat: Chunk             |     2 |       ||     2
       Ration            |       |     1 ||     1
Armor: Scale mail        |    41 |    28 ||    69
Dodge: Dodged            |    39 |    14 ||    53
Block: Shield            |    36 |    38 ||    74
